 Dungeon Crawl Stone Soup version 0.29-a0-275-g389c0b56f3 (webtiles) character file.

Game seed: 6442949350703813218

797 dr0g0th the Covert (level 8, -2/69 HPs)
             Began as a Kobold Brigand on Mar 9, 2022.
             Splashed by a jelly's acid (8 damage)
             ... on level 4 of the Dungeon.
             The game lasted 00:05:08 (3120 turns).

dr0g0th the Covert (Kobold Brigand)                 Turns: 3120, Time: 00:05:09

Health: -2/69      AC:  1    Str:  8    XL:     8   Next: 13%
Magic:  8/8        EV: 16    Int: 12    God:
Gold:   202        SH:  0    Dex: 19    Spells: 7/7 levels left

rFire   . . .      SeeInvis .   a - +2 dagger
rCold   . . .      Faith    .   (no shield)
rNeg    . . .      Spirit   .   b - +0 robe
rPois   .          Reflect  .   i - +0 helmet
rElec   .          Harm     .   c - +1 cloak
rCorr   .          Rampage  .   (no gloves)
Will    .....                   (no boots)
Stlth   ..........              f - amulet of magic regeneration
HPRegen 0.21/turn               (no ring)
MPRegen 0.51/turn               (no ring)

@: mighty, berserking, corroded, very quick
A: small, no large weapons, nightstalker 3
a: no special abilities


You were on level 4 of the Dungeon.
You visited 1 branch of the dungeon, and saw 5 of its levels.

You collected 202 gold pieces.

Inventory:

Hand Weapons
 a - a +2 dagger (weapon)
 r - a +0 rapier
Missiles
 d - 17 poisoned darts (quivered)
 e - 3 curare-tipped darts
Armour
 b - a +0 robe (worn)
 c - a +1 cloak (worn)
 i - a +0 helmet (worn)
Jewellery
 f - an amulet of magic regeneration (around neck)
Wands
 l - a wand of acid (4)
Scrolls
 h - a scroll of vulnerability
 j - a scroll of noise {unknown}
 k - 2 scrolls of teleportation {unknown}
 m - a scroll of fog {unknown}
 o - a scroll of enchant armour
 p - 3 scrolls of identify
Potions
 g - 2 potions of magic {unknown}
 n - a potion of berserk rage
 q - a potion of might
 s - 2 potions of curing {unknown}
 t - a potion of resistance {unknown}
 u - a potion of haste {unknown}
 v - a potion of mutation {unknown}


   Skills:
 + Level 3.2 Fighting
 + Level 5.7 Short Blades
 + Level 2.1 Throwing
 + Level 3.5 Dodging
 + Level 10.8 Stealth


You had 7 spell levels left.
You didn't know any spells.
Your spell library contained the following spells:

 Spells                   Type           Power      Damage    Failure   Level
 Pain                     Necr           0%         1d4       32%         1
 Corpse Rot               Necr/Air       0%         N/A       45%         2
 Poisonous Vapours        Pois/Air       0%         N/A       45%         2
 Confusing Touch          Hex            0%         N/A       69%         3
 Agony                    Necr           0%         N/A       100%        5
 Excruciating Wounds      Necr           0%         N/A       100%        5
 Iskenderun's Battlesphe  Conj           0%         2d6       100%        5
 Yara's Violent Unravell  Hex/Tmut       0%         3d3       100%        5
 Iron Shot                Conj/Erth      0%         9d1       100%        6
 Enfeeble                 Hex            0%         N/A       100%        7
 Spellforged Servitor     Conj/Summ      0%         N/A       100%        7


Dungeon Overview and Level Annotations

Branches:
Dungeon (5/15)
 Temple: D:4-7

Altars:
The Shining One


Innate Abilities, Weirdness & Mutations

You are small and have problems with some larger weapons.
You are completely attuned to the shadows.


Message History

You hit the orc priest.
The orc priest is severely wounded.
The orc priest barely misses you. The orc closely misses you.
The orc barely misses you.
You barely miss the orc priest.
The orc priest is severely wounded.
The orc priest hits you with a +0 whip.
* * * LOW HITPOINT WARNING * * *
The orc barely misses you. x2
You hit the orc priest but do no damage.
The orc priest is severely wounded.
You feel very mighty all of a sudden. The orc priest hits you with a +0 whip.
* * * LOW HITPOINT WARNING * * *
The orc completely misses you. The orc closely misses you.
You closely miss the orc priest.
The orc priest is severely wounded.
The orc completely misses you. The orc barely misses you.
You puncture the orc!
You kill the orc!
The orc barely misses you. x2
The orc priest calls down the wrath of Beogh upon you.
Pain shoots through your body!
* * * LOW HITPOINT WARNING * * *
You barely miss the jelly. You punch the jelly!
The jelly is almost dead.
The orc hits you but does no damage. The jelly hits you but does no damage.
You barely miss the orc priest.
The orc priest is severely wounded.
You hit the orc priest.
You kill the orc priest!
The orc misses you. The jelly hits you but does no damage.
The orc barely misses you.
It was a potion of berserk rage.
A red film seems to cover your vision as you go berserk!
You feel yourself moving faster!
You feel mighty! The orc barely misses you. The jelly hits you.
* * * LOW HITPOINT WARNING * * *
The acid corrodes you!
You are splashed with acid!
You die...

........#..#............###...##
.............###.........####..##
..[......#...###.......#)#####..#
.........#.#..............)####.#
........>#.#####............##...
...........#####.)...............
..[....##.O....#..........###....
#.....####......o.........# #....
##########.....J@.........###....
#.....##.)o...........#.##.
..##.###...........##...... ##
.....###...#############..# .#
.....##...## #..# .#
.....>.....## ## #..# .#
####........##... #... .####
##....#.......... ##..
?...####................. #..#


You could see a jelly and 2 orcs.

Vanquished Creatures
  Eustachio (D:4)
  3 ogres (D:4)
  A phantom (D:4)
  A scorpion (D:4)
  A necrophage (D:4)
  A hound (D:4)
  3 orc priests
  Ijyb (D:5)
  An adder (D:3)
  A worm (D:3)
  4 dart slugs
  5 orcs
  5 ball pythons
  4 bats
  6 endoplasms
  2 giant cockroaches
  7 goblins
  5 hobgoblins
  5 jackals
  3 kobolds
  2 quokkas
  3 frilled lizards
  2 rats
67 creatures vanquished.

Notes
Turn   | Place    | Note
-------+----------+-------------------------------------------
     0 | D:1      | dr0g0th the Kobold Brigand began the quest for the Orb.
     0 | D:1      | Reached XP level 1. HP: 12/12 MP: 1/1
    52 | D:1      | Reached XP level 2. HP: 17/17 MP: 2/2
   275 | D:1      | Reached skill level 6 in Stealth
   375 | D:1      | Found a faded altar of an unknown god.
   489 | D:1      | Reached XP level 3. HP: 21/21 MP: 3/3
  1657 | D:4      | Noticed Ijyb
  1667 | D:5      | Entered Level 5 of the Dungeon
  1675 | D:5      | Killed Ijyb
  1676 | D:5      | Reached skill level 7 in Stealth
  1676 | D:5      | Reached XP level 4. HP: 12/27 MP: 4/4
  2168 | D:4      | Noticed a scorpion
  2170 | D:4      | Noticed Eustachio
  2172 | D:4      | Killed a scorpion
  2173 | D:4      | Reached XP level 5. HP: 31/31 MP: 5/5
  2175 | D:4      | Killed Eustachio
  2176 | D:4      | Reached skill level 8 in Stealth
  2176 | D:4      | Reached XP level 6. HP: 36/36 MP: 6/6
  2206 | D:4      | Reached skill level 9 in Stealth
  2215 | D:4      | Noticed an ogre
  2276 | D:4      | Noticed an ogre
  2280 | D:4      | Killed an ogre
  2281 | D:4      | Reached XP level 7. HP: 40/40 MP: 7/7
  2512 | D:3      | Reached skill level 5 in Short Blades
  2513 | D:3      | Found a glowing golden altar of the Shining One.
  2715 | D:3      | Reached skill level 10 in Stealth
  2923 | D:3      | Identified the +5 short sword "Gerchu" {vorpal, rElec rN++
                  | Will- Stlth+}
  3058 | D:4      | Reached XP level 8. HP: 19/46 MP: 8/8
  3120 | D:4      | Splashed by a jelly's acid

Illustrated notes

Levels and vault maps discovered:
D:1:      dpeg_arrival_rooms_a, layout_loops_ring,
          hellmonk_ecumenical_altar_dog_temple, kennysheep_decorative_pillar
D:2:      layout_basic, minmay_misc_feat_tower, kennysheep_cross_room,
          st_stairs_3
D:3:      layout_rooms, nicolae_tso_carved_into_rock
D:4:      layout_rooms, serial_park_tiny_pond, uniq_eustachio, uniq_ijyb
D:5:      layout_gridville, minmay_temple_entry_ruins, nrook_mini_vaults

Skill      XL: |  1  2  3  4  5  6  7 |
---------------+----------------------+-----
Short Blades   | 3 4 5 |  5.7
Stealth        | 6 7 8 9 10 | 10.8
Dodging        | 2 3 |  3.5
Fighting       | 3 |  3.2
Throwing       | |  2.1

Action                   |  1- 3 |  4- 6 |  7- 9 || total
-------------------------+-------+-------+-------++-------
Melee: Dagger            |    59 |    12 |    84 ||   155
       Punch             |       |       |     1 ||     1
  Use: Scroll            |     5 |       |       ||     5
       Potion            |     1 |       |     4 ||     5
 Stab: Sleeping          |    21 |     7 |     8 ||    36
       Distracted        |       |       |     1 ||     1
Armor: Robe              |    10 |     2 |    12 ||    24
Dodge: Dodged            |    36 |     4 |    63 ||   103

Table legend: (Time is in decaauts)
 A = Elapsed time spent in this place.
 B = Non-inter-level travel time spent in this place.
 C = Inter-level travel time spent in this place.
 D = Time resting spent in this place.
 E = Time spent auto-exploring this place.
 F = Levels seen in this place.
 G = Mean time per level.
                   A        B        C        D        E       F      G
               +--------+--------+--------+--------+--------+-----+--------+
         Total |   3087 |   3018 |     69 |    365 |   2097 |   5 |  617.4 |
       Dungeon |   3087 |   3018 |     69 |    365 |   2097 |   5 |  617.4 |
               +--------+--------+--------+--------+--------+-----+--------+

Top non-repeatable levels by time:
     D:1: 790 daAuts
     D:2: 781 daAuts
     D:3: 712 daAuts
     D:4: 404 daAuts
     D:5: 399 daAuts
